 Dungeon Crawl Stone Soup version 0.22.1-6-g1668fe2c40 (webtiles) character file.

16277 Gargoyl the Protected (level 12, 0/97 HPs)
             Began as a Centaur Abyssal Knight on Jan 19, 2019.
             Was a Priest of Lugonu.
             Slain by a wolf (6 damage)
             ... on level 2 of the Lair of Beasts.
             The game lasted 00:31:07 (22817 turns).

Gargoyl the Protected (Centaur Abyssal Knight)     Turns: 22817, Time: 00:31:08

Health: 0/97       AC: 18    Str: 17    XL:     12   Next: 8%
Magic:  18/18      EV:  6    Int: 11    God:    Lugonu [***...]
Gold:   669        SH:  0    Dex: 12    Spells: 11/11 levels left

rFire    . . .     SeeInvis .   z - +8 hand axe "Exkamula" {chop, rC+}
rCold    + + .     Gourm    .   (no shield)
rNeg     + . .     Faith    .   j - +0 plate armour
rPois    .         Spirit   .   p - +1 helmet
rElec    .         Reflect  .   l - scarf {repulsion}
rCorr    .         Harm     .   A - +2 pair of gloves
MR       .....                  (no barding)
Stlth    ..........             m - amulet of rage
HPRegen  0.26/turn              i - ring of positive energy
MPRegen  0.16/turn              H - ring of protection from cold

@: repel missiles, very quick
A: large, hooves 3, deformed body, speed 2, tough skin 3
a: Depart the Abyss, Bend Space, Banish, Renounce Religion, Evoke Berserk Rage


You were on level 2 of the Lair of Beasts.
You worshipped Lugonu.
Lugonu was most pleased with you.
You were not hungry.

You visited 2 branches of the dungeon, and saw 15 of its levels.
You visited the Abyss 1 time.

You collected 837 gold pieces.
You spent 168 gold pieces at shops.

Inventory:

Hand Weapons
 a - a +2 hand axe of chopping
 r - a +0 war axe
 z - the +8 hand axe "Exkamula" (weapon) {chop, rC+}
   (You bought it in a shop on level 10 of the Dungeon)

   It inflicts extra damage upon your enemies.
   It protects you from cold.
Armour
 j - a +0 plate armour (worn)
 l - a scarf of repulsion (worn)
 p - a +1 helmet (worn)
 A - a +2 pair of gloves (worn)
Jewellery
 i - a ring of positive energy (left hand)
 m - an amulet of rage (around neck)
 H - a ring of protection from cold (right hand)
Wands
 g - a wand of random effects (30)
 n - a wand of paralysis (9)
 o - a wand of polymorph (12)
 q - a wand of iceblast (18)
 y - a wand of scattershot (12)
Scrolls
 f - 5 scrolls of remove curse
 h - 2 scrolls of identify
 k - 4 scrolls of blinking
 t - 7 scrolls of teleportation
 x - 2 scrolls of fog
 F - a scroll of magic mapping
 I - a scroll of amnesia
Potions
 b - a potion of curing
 d - 3 potions of invisibility {unknown}
 e - a potion of might
 s - a potion of lignification
 u - a potion of heal wounds
 v - a potion of brilliance
 w - 2 potions of haste
 B - a potion of agility {unknown}
 C - 2 potions of flight {unknown}
 D - a potion of berserk rage
 G - a potion of mutation {unknown}
 J - a potion of cancellation
Miscellaneous
 E - a lightning rod (4/4)
Comestibles
 c - 30 rations


   Skills:
 + Level 6.7 Fighting
 + Level 8.8 Axes
 + Level 0.9 Throwing
 * Level 9.5 Armour
 * Level 6.0 Dodging
 * Level 9.3 Invocations


You had 11 spell levels left.
You didn't know any spells.
Your spell library contained the following spells:

 Spells                   Type           Power        Failure   Level  Hunger
 Animate Skeleton         Necr           N/A          100%        1    ##.....
 Confusing Touch          Hex            #.....       100%        1    ##.....
 Magic Dart               Conj           #...         100%        1    ##.....
 Pain                     Necr           #...         100%        1    ##.....
 Shock                    Conj/Air       #...         100%        1    ##.....
 Summon Small Mammal      Summ           #...         100%        1    ##.....
 Blink                    Tloc           N/A          100%        2    ###....
 Call Imp                 Summ           #.......     100%        2    ###....
 Poisonous Vapours        Pois/Air       #.....       100%        2    ###....
 Slow                     Hex            #.......     100%        2    ###....
 Swiftness                Chrm/Air       #.......     100%        2    ###....
 Call Canine Familiar     Summ           #.......     100%        3    ####...
 Confuse                  Hex            #.......     100%        3    ####...
 Conjure Flame            Conj/Fire      #.......     100%        3    ####...
 Gell's Gravitas          Tloc           #.........   100%        3    ####...
 Mephitic Cloud           Conj/Pois/Air  #.......     100%        3    ####...
 Regeneration             Chrm/Necr      #.........   100%        3    ####...
 Static Discharge         Conj/Air       #.......     100%        3    ####...
 Summon Guardian Golem    Hex/Summ       #.......     100%        3    ####...
 Vampiric Draining        Necr           #.........   100%        3    ####...
 Airstrike                Air            #.........   100%        4    #####..
 Animate Dead             Necr           N/A          100%        4    #####..
 Petrify                  Tmut/Erth      #.......     100%        4    #####..
 Summon Ice Beast         Ice/Summ       #.......     100%        4    #####..
 Summon Lightning Spire   Summ/Air       #.......     100%        4    #####..
 Lightning Bolt           Conj/Air       #.........   100%        5    ######.
 Metabolic Englaciation   Hex/Ice        #.........   100%        5    ######.
 Yara's Violent Unravell  Hex/Tmut       #.........   100%        5    ######.
 Freezing Cloud           Conj/Ice/Air   #.........   100%        6    #######
 Ring of Flames           Chrm/Fire      #.........   100%        7    #######


Dungeon Overview and Level Annotations

Branches:
Dungeon (11/15)            Temple (0/1) D:5            Lair (4/6) D:11
    Orc (0/2) D:10
  Swamp: Lair:2-4    Shoals: Lair:2-4     Snake: Lair:2-4    Spider: Lair:2-4

Altars:
Dithmenos
Gozag
Hepliaklqana
Kikubaaqudgha
Qazlal
Trog
Wu Jian
Xom
Zin

Shops:
D:5 =   D:10 (

Annotations:
D:4 Edmund, Eustachio
Abyss:1 Maurice


Innate Abilities, Weirdness & Mutations

You have hooves in place of feet.
Armour fits poorly on your strangely shaped body.
You cover ground very quickly.
You have extremely tough skin. (AC +3)


Message History

You hit the wolf.
The wolf is almost dead.
You hit the wolf. The wolf bites you.
* * * LOW HITPOINT WARNING * * *
The wolf barely misses you. The wolf bites you but does no damage.
Unknown command.
You closely miss the wolf. You kick the wolf, but do no damage.
The wolf is almost dead.
You hit the wolf. The wolf bites you.
* * * LOW HITPOINT WARNING * * *
The wolf bites you.
* * * LOW HITPOINT WARNING * * *
The wolf bites you.
* * * LOW HITPOINT WARNING * * *
You closely miss the wolf. Your kick misses the wolf.
The wolf is almost dead.
You slash the wolf! The wolf bites you.
* * * LOW HITPOINT WARNING * * *
The wolf bites you.
You die...

#..............# #PP♣♣P.#
##..............# #.PP♣.##
#..)............# #P.....#
######..(...........## ##....##
..##.#...............# #.....#
.....................# ##....#
.##.#...............## #P...##
##PPPPP..............# ##...P#
PPPPPPPP........@h..## ##...##
...PP..P........h...#####....####
PPP.PP.P........♣♣♣.##.##...#..8.
PPPPPP.PP...................#....
.PPPPP.PP.......♣♣♣...).....#8.>.
..PP.PP...............P#.#..#....
.#.PPPPPP............#####..##...
..#.PPPP............## ##...#...
..#.PP..............# #..##....


You could see 2 wolves.

Vanquished Creatures
  Pikel (D:6)
  A black mamba (Lair:3)
  Psyche (D:11)
  5 spiny frogs
  2 komodo dragons (Lair:3)
  A troll (D:10)
  A hornet (D:11)
  4 blink frogs (Lair:3)
  2 hippogriffs
  6 dream sheep (Lair:3)
  8 yaks
  A wyvern (D:11)
  A basilisk (Lair:3)
  A hungry ghost (D:11)
  2 steam dragons
  6 water moccasins
  6 porcupines
  2 eyes of draining (D:5)
  5 orc warriors
  4 sky beasts
  A slave (D:6)
  A black bear (D:8)
  3 ice beasts
  4 ogres
  2 centaurs
  A wolf (Lair:3)
  4 crocodiles
  Blork the orc (D:5)
  14 bullfrogs
  A big kobold (D:9)
  A scorpion (D:7)
  2 howler monkeys (D:8)
  A crimson imp (D:10)
  A bullfrog zombie (D:6)
  A centaur zombie (D:5)
  A quasit (D:11)
  3 jellies
  2 hounds
  3 orc priests
  5 centaur skeletons
  Ijyb (D:4)
  7 orc wizards
  6 worker ants
  5 iguanas
  A hound skeleton (D:4)
  A worker ant zombie (D:6)
  Robin (D:4)
  4 gnolls
  8 adders
  4 shadow imps
  An ufetubus (Abyss:1)
  2 adder zombies
  3 oozes
  An adder skeleton (D:4)
  7 worms
  3 dart slugs
  7 leopard geckos
  31 orcs
  A ball python (D:1)
  9 bats
  16 giant cockroaches
  13 goblins
  13 hobgoblins
  4 jackals (D:8)
  14 kobolds
  6 quokkas
  2 frilled lizards
  7 rats
290 creatures vanquished.

Vanquished Creatures (others)
  2 hydras
  3 oklob plants (Lair:1)
  A cyclops (D:11)
  A black mamba (Lair:3)
  A spiny frog (Lair:1)
  A vampire (D:11)
  An orc warrior (D:9)
  A slave (D:6)
  A hound zombie (D:6)
  An adder (D:8)
  6 orcs
  5 fungi (Lair:3)
  2 plants
26 creatures vanquished.

Grand Total: 316 creatures vanquished

Notes
Turn   | Place    | Note
-------+----------+-------------------------------------------
     0 | Abyss:1  | Gargoyl the Centaur Abyssal Knight began the quest for the
                  | Orb.
     0 | Abyss:1  | Reached XP level 1. HP: 19/19 MP: 2/2
    61 | Abyss:1  | Noticed a large abomination
    67 | Abyss:1  | Noticed a small abomination
   110 | Abyss:2  | Found an iron altar of Okawaru.
   117 | Abyss:2  | Noticed a small abomination
   134 | Abyss:2  | Noticed a small abomination
   140 | Abyss:2  | Noticed a blink frog
   146 | D:1      | Escaped the Abyss
   181 | D:1      | Reached XP level 2. HP: 26/26 MP: 3/3
   442 | D:1      | Reached * piety under Lugonu
   777 | D:1      | Reached XP level 3. HP: 31/31 MP: 4/4
   839 | D:1      | Reached skill level 1 in Dodging
  1477 | D:2      | Found an ancient bone altar of Kikubaaqudgha.
  1552 | D:2      | Reached XP level 4. HP: 29/38 MP: 1/5
  2394 | D:2      | Found a stormy altar of Qazlal.
  2949 | D:3      | Reached ** piety under Lugonu
  2969 | D:3      | Found a faded altar of an unknown god.
  3103 | D:3      | Reached XP level 5. HP: 42/45 MP: 4/6
  3233 | D:3      | Found a hazy altar of Hepliaklqana.
  3797 | D:4      | Noticed Robin
  3813 | D:4      | Killed Robin
  4064 | D:4      | Noticed Eustachio
  4320 | D:4      | Noticed an ogre
  4327 | D:4      | Killed an ogre
  4327 | D:4      | Reached XP level 6. HP: 25/52 MP: 3/8
  4925 | D:4      | Found a shimmering altar of Xom.
  4931 | D:4      | Found a shattered altar of Ashenzari.
  4931 | D:4      | Found an ancient bone altar of Kikubaaqudgha.
  4933 | D:4      | Found a glowing silver altar of Zin.
  4933 | D:4      | Found a shadowy altar of Dithmenos.
  4933 | D:4      | Found an opulent altar of Gozag.
  4968 | D:4      | Noticed Ijyb
  4983 | D:4      | Killed Ijyb
  5374 | D:4      | Noticed Edmund
  5408 | D:5      | Entered Level 5 of the Dungeon
  5408 | D:5      | Found a bloodstained altar of Trog.
  5715 | D:5      | Noticed Blork the orc
  5734 | D:5      | Killed Blork the orc
  5906 | D:5      | Reached XP level 7. HP: 53/58 MP: 9/9
  6270 | D:5      | Found a bloodstained altar of Trog.
  6281 | D:5      | Reached *** piety under Lugonu
  6985 | D:5      | Found Utest's Jewellery Shoppe.
  7109 | D:5      | Found a staircase to the Ecumenical Temple.
  7591 | D:6      | Found an ornate altar of the Wu Jian Council.
  7612 | D:5      | Reached XP level 8. HP: 54/66 MP: 9/11
  7720 | D:5      | HP: 6/150 [ice beast (4)]
  7725 | D:5      | Reached skill level 5 in Axes
  8119 | D:6      | Found a shadowy altar of Dithmenos.
  8183 | D:6      | Noticed Pikel
  8199 | D:6      | Killed Pikel
  8580 | D:6      | Reached skill level 5 in Invocations
  8924 | D:6      | Reached skill level 5 in Armour
  9284 | D:6      | Reached XP level 9. HP: 59/72 MP: 12/12
 11225 | D:8      | Reached **** piety under Lugonu
 11637 | D:8      | Reached skill level 5 in Fighting
 12634 | D:10     | Entered Level 10 of the Dungeon
 13354 | D:10     | Noticed Maurice
 13357 | D:10     | Banished Maurice
 13645 | D:10     | Found Qiwidgh's Antique Weapon Shoppe.
 13663 | D:10     | Bought a transparent hand axe for 168 gold pieces
 13663 | D:10     | Identified the +8 hand axe "Exkamula" {chop, rC+} (You
                  | bought it in a shop on level 10 of the Dungeon)
 13683 | D:10     | Reached XP level 10. HP: 44/81 MP: 14/14
 13983 | D:10     | Found a staircase to the Orcish Mines.
 14435 | D:11     | Found a staircase to the Lair.
 14908 | D:11     | Noticed a cyclops
 14921 | D:11     | Banished a cyclops
 16189 | D:11     | Noticed Psyche
 16199 | D:11     | Killed Psyche
 16199 | D:11     | Reached skill level 5 in Dodging
 16699 | D:11     | Paralysed by a hornet for 3 turns
 16997 | Lair:1   | Entered Level 1 of the Lair of Beasts
 17294 | Lair:1   | Noticed an oklob plant
 17343 | Lair:1   | Reached XP level 11. HP: 83/89 MP: 16/16
 17385 | Lair:1   | Noticed an oklob plant
 17388 | Lair:1   | Noticed an oklob plant
 17393 | Lair:1   | Banished an oklob plant
 17395 | Lair:1   | Banished an oklob plant
 17549 | Lair:1   | Banished an oklob plant
 19464 | Lair:2   | Noticed a five-headed hydra
 19469 | Lair:2   | Banished a five-headed hydra
 21452 | Lair:3   | Noticed a six-headed hydra
 21453 | Lair:3   | Banished a six-headed hydra
 22433 | Lair:3   | Reached XP level 12. HP: 61/97 MP: 18/18
 22817 | Lair:2   | Slain by a wolf

Skill      XL: |  1  2  3  4  5  6  7  8  9 10 11 12 |
---------------+-------------------------------------+-----
Armour         | 2 3 5 6 7 9 |  9.5
Dodging        | 1 2 3 4 5 6 |  6.0
Axes           | 2 3 4 5 7 8 |  8.8
Invocations    | 3 4 5 6 7 9 |  9.3
Fighting       | 4 5 6 |  6.7
Throwing       | |  0.9

Action                   |  1- 3 |  4- 6 |  7- 9 | 10-12 || total
-------------------------+-------+-------+-------+-------++-------
Melee: Hand axe          |    95 |   261 |   453 |   425 ||  1234
       Kick              |    11 |    53 |   117 |   118 ||   299
Throw: Tomahawk          |       |     2 |     7 |     2 ||    11
Invok: Depart the Abyss  |     1 |       |       |       ||     1
       Bend Space        |       |       |     1 |       ||     1
       Banish            |       |       |     2 |    13 ||    15
Evoke: Wand              |       |       |       |     3 ||     3
  Use: Scroll            |     5 |     3 |     9 |     4 ||    21
       Potion            |     1 |     2 |     4 |     5 ||    12
  Eat: Chunk             |     1 |    10 |    11 |    19 ||    41
       Ration            |       |     1 |     3 |     4 ||     8
Armor: Leather armour    |    37 |       |       |       ||    37
       Ring mail         |     1 |   136 |    45 |       ||   182
       Plate armour      |       |       |   213 |   268 ||   481
       Skin              |       |       |    14 |       ||    14
Dodge: Dodged            |    55 |   118 |   128 |    88 ||   389
       Deflected         |       |       |     7 |     4 ||    11
